[Event "Karel Janecek Open 2025"]
[Site "Prague"]
[Date "2025.03.01"]
[Round "3.8"]
[White "Popovic, Dusan"]
[Black "Simek, Petr"]
[Result "1/2-1/2"]
[Annotator "TA"]
[ECO "C67"]
[WhiteElo "2494"]
[BlackElo "2322"]
[PlyCount "126"]
[EventDate "2025.02.21"]
[EventType "swiss"]
[EventCountry "CZE"]
[SourceTitle "playchess.com"]
[Source "ChessBase"]
[SourceQuality "1"]
[TimeControl "40/5400+30:1800+30"]

1. e4 e5 2. Nf3 Nc6 3. Bb5 Nf6 4. O-O Nxe4 5. Re1 Nd6 6. Nxe5 Be7 7. Bf1 Nxe5 8. Rxe5 O-O 9. d4 Bf6 10. Re1 Re8 {[%emt 0:00:18] C67: Ruy Lopez: Berlin Defence: 4 0-0 Nxe4.} 11. c3 Rxe1 12. Qxe1 Ne8 13. d5 d6 14. Be3 Bd7 15. Qd2 h6 16. c4 Bg5 17. f4 Bf6 18. Nc3 Bf5 $146 ({Predecessor:} 18... c6 19. dxc6 bxc6 20. b3 d5 21. cxd5 cxd5 22. Rc1 Be6 23. Nb5 Qe7 24. h3 Qb7 {½-½ Armani,G (2344)-Woznica,M (2385) VW-Cup13 Gr47 email 2021}) 19. Re1 g6 20. Nb5 a6 21. Nd4 Ng7 22. Bf2 Qd7 23. b4 Re8 24. Rxe8+ Qxe8 25. c5 (25. Nxf5 $11 Nxf5 26. Bd3) 25... Be4 (25... Qe4 $15 26. Nb3 Qc2) 26. Nb3 Qd7 27. Bc4 (27. Na5 $1 $11 {remains equal.}) 27... Qg4 $17 28. Bf1 Qf5 $1 29. Na5 Qxd5 (29... dxc5 {with more complications.} 30. Nxb7 c4 31. Bxc4 Bxg2 32. Bg3 Qb1+) 30. Qxd5 Bxd5 31. cxd6 cxd6 32. Bc4 Be4 33. b5 axb5 34. Bxb5 Ne6 35. Nc4 Be7 36. g3 Nc7 37. Bd7 Bd5 38. Na5 Bxa2 39. Nxb7 Bd5 40. Na5 Kf8 41. f5 Bf6 42. fxg6 fxg6 43. Be3 h5 44. Kf2 Ke7 45. Ba4 Ne6 46. Nc6+ Kf7 47. Nb4 Bc4 48. Bc2 d5 49. Nc6 d4 50. Bd2 Nc5 51. Bf4 {[%emt 0:00:00] [#]} (51. Bb4 d3 52. Bd1) 51... d3 (51... Bd3 $1 $17 52. Nb4 Bxc2 53. Nxc2 Ke6) 52. Bd1 $15 Ke6 {[%emt 0:00:24] Prevents Ne5.} 53. Ke3 Bb2 54. h4 Ba6 55. Nd4+ $2 ({White should play} 55. Nb4 $15) 55... Kf7 (55... Kd5 $19 56. Nf3 Bc8) 56. Nf3 (56. Nb3 $15 Nxb3 57. Bxb3+ Kf6 58. Bd5) 56... Bc1+ $17 57. Nd2 {[%emt 0:00:38] [#]} Kf6 $1 58. Bh6 Kf5 {[%emt 0:00:37] ...Ne4 would now be deadly.} 59. Kd4 Bxd2 ({Black should play} 59... Ne6+ $17 60. Kc3 Ba3) 60. Bxd2 $11 {[%emt 0:00:13] The position is equal.} Ne4 61. Bf4 Nf2 62. Bf3 Ng4 63. Bxg4+ Kxg4 {[%emt 0:00:07] Weighted Error Value: White=0.18 (very precise) /Black=0.15 (very precise)   Mistake:       	White=5     	Black=4      Inaccurate:     	White=2     	Black=4      OK:         	White=20    	Black=22     Best:        	White=3     	Black=1      Strong:       	---       	Black=1} 1/2-1/2

[Event "Karel Janecek Open 2025"]
[Site "Prague"]
[Date "2025.03.01"]
[Round "3.9"]
[White "Filgueiras, Nathan Felipe"]
[Black "Ghazarian, Kirk"]
[Result "1/2-1/2"]
[Annotator "ChessBase"]
[ECO "B32"]
[WhiteElo "2335"]
[BlackElo "2493"]
[PlyCount "83"]
[EventDate "2025.02.21"]
[EventType "swiss"]
[EventCountry "CZE"]
[SourceTitle "playchess.com"]
[Source "ChessBase"]
[SourceQuality "1"]
[TimeControl "40/5400+30:1800+30"]

1. e4 c5 2. Nf3 Nc6 3. d4 cxd4 4. Nxd4 e5 5. Nb5 d6 6. c4 Be6 7. Bd3 g6 8. O-O a6 9. N5c3 Bg7 10. Nd5 Nf6 11. Nbc3 Bxd5 12. exd5 Nd4 13. f4 Nd7 14. fxe5 dxe5 15. Rb1 O-O 16. b4 Nb6 17. Ne4 Qc8 18. Bg5 f5 19. Nd6 Qd7 20. c5 Kh8 21. Bc4 Nxc4 22. Nxc4 Qxd5 23. Nb6 Qxa2 24. Nxa8 Rxa8 25. Be3 Ne2+ 26. Kh1 Nc3 27. Qb3 Qxb3 28. Rxb3 e4 29. Rc1 Rd8 30. Rbxc3 Bxc3 31. Rxc3 Rd1+ 32. Bg1 f4 33. h4 e3 34. Rc2 h6 35. Kh2 Kh7 36. Re2 Rd2 37. Re1 Rb2 38. Kh3 g5 39. hxg5 hxg5 40. g3 Rxb4 41. gxf4 gxf4 42. Kg4 1/2-1/2

[Event "Karel Janecek Open 2025"]
[Site "Prague"]
[Date "2025.03.01"]
[Round "3.10"]
[White "Ioannidis, Evgenios"]
[Black "Prazak, Daniel"]
[Result "1-0"]
[Annotator "ChessBase"]
[ECO "D11"]
[WhiteElo "2484"]
[BlackElo "2319"]
[PlyCount "121"]
[EventDate "2025.02.21"]
[EventType "swiss"]
[EventCountry "CZE"]
[SourceTitle "playchess.com"]
[Source "ChessBase"]
[SourceQuality "1"]
[TimeControl "40/5400+30:1800+30"]

1. d4 d5 2. Nf3 Nf6 3. c4 c6 4. Qc2 g6 5. cxd5 cxd5 6. Bf4 Nc6 7. e3 Bg7 8. Nc3 O-O 9. Be2 Bg4 10. h3 Bxf3 11. Bxf3 Rc8 12. O-O e6 13. Rfc1 Qe7 14. Be2 Rfd8 15. Qb3 Ne8 16. a3 Nd6 17. Nb5 Nxb5 18. Bxb5 Qd7 19. Ba4 Qe7 20. Bb5 Nb8 21. Qb4 Bf8 22. Qa5 b6 23. Qa4 Qb7 24. Bg5 Be7 25. Bxe7 Qxe7 26. Rc2 Rc7 27. Rac1 Rdc8 28. h4 h5 29. g3 Kg7 30. Kh2 Qd6 31. Kg2 Rxc2 32. Rxc2 Rc7 33. Kf1 Qd8 34. Ke1 Qc8 35. Rxc7 Qxc7 36. Kd2 Kg8 37. Qb4 Kg7 38. Bd3 Kg8 39. e4 dxe4 40. Bxe4 Qd8 41. Ke3 Nd7 42. Qd6 Qc8 43. Qc6 Qd8 44. Qa8 Qxa8 45. Bxa8 Kg7 46. Bc6 Nf6 47. f3 Kf8 48. d5 Ke7 49. dxe6 Kxe6 50. Kd4 Ng8 51. Bd5+ Ke7 52. Ke5 Nh6 53. Be4 Ng8 54. Bd3 Nf6 55. Bb5 Ng8 56. Kd5 Nh6 57. Bd3 Kd7 58. Bf1 f5 59. Ke5 Ke7 60. Bc4 Nf7+ 61. Bxf7 1-0

[Event "Karel Janecek Open 2025"]
[Site "Prague"]
[Date "2025.03.01"]
[Round "3.11"]
[White "Vykouk, Jan"]
[Black "Chittka, Julius"]
[Result "1-0"]
[Annotator "ChessBase"]
[ECO "B13"]
[WhiteElo "2478"]
[BlackElo "2313"]
[PlyCount "61"]
[EventDate "2025.02.21"]
[EventType "swiss"]
[EventCountry "CZE"]
[SourceTitle "playchess.com"]
[Source "ChessBase"]
[SourceQuality "1"]
[TimeControl "40/5400+30:1800+30"]

1. e4 c6 2. d4 d5 3. exd5 cxd5 4. Bd3 Nc6 5. c3 Qc7 6. h3 e6 7. Nf3 Bd6 8. O-O Nge7 9. Re1 O-O 10. b3 Bd7 11. Ba3 f6 12. Bxd6 Qxd6 13. c4 Rad8 14. Nc3 Bc8 15. c5 Qf4 16. Qc1 Qb8 17. Qb1 e5 18. dxe5 fxe5 19. Bxh7+ Kh8 20. Ng5 e4 21. Qd1 Rf6 22. Bxe4 dxe4 23. Qh5+ Kg8 24. Ncxe4 Rh6 25. Qf7+ Kh8 26. Nd6 Rhxd6 27. cxd6 Qxd6 28. Qh5+ Kg8 29. Rad1 Qc7 30. Rxd8+ Qxd8 31. Rd1 1-0

[Event "Karel Janecek Open 2025"]
[Site "Prague"]
[Date "2025.03.01"]
[Round "3.12"]
[White "Haring, Filip"]
[Black "Eret, Matous"]
[Result "1-0"]
[Annotator "ChessBase"]
[ECO "A55"]
[WhiteElo "2470"]
[BlackElo "2304"]
[PlyCount "89"]
[EventDate "2025.02.21"]
[EventType "swiss"]
[EventCountry "CZE"]
[SourceTitle "playchess.com"]
[Source "ChessBase"]
[SourceQuality "1"]
[TimeControl "40/5400+30:1800+30"]

1. Nf3 Nf6 2. c4 d6 3. d4 Nbd7 4. Nc3 e5 5. e4 c6 6. Be2 Be7 7. O-O O-O 8. Be3 a6 9. d5 cxd5 10. cxd5 b5 11. Nd2 Bb7 12. b4 Rc8 13. Qb3 Nb6 14. a4 Nc4 15. Nxc4 bxc4 16. Qc2 Nd7 17. Bg4 g6 18. Bh6 Re8 19. a5 Rc7 20. h3 Bg5 21. Bxg5 Qxg5 22. b5 Nc5 23. b6 Rce7 24. Ra3 Nb3 25. Be2 Rc8 26. Bxc4 Nd2 27. f4 exf4 28. Qxd2 Rxc4 29. Qxf4 Qxf4 30. Rxf4 f5 31. Kf2 Kg7 32. Ke3 Re8 33. g3 Re5 34. Kd3 Rc5 35. Ra4 h5 36. h4 Kf7 37. exf5 gxf5 38. Rac4 Ke7 39. Kd4 Rxc4+ 40. Kxc4 Kf6 41. Kd4 Re1 42. Rf2 Rg1 43. Ne4+ Kg6 44. Nxd6 Rd1+ 45. Kc3 1-0

[Event "Karel Janecek Open 2025"]
[Site "Prague"]
[Date "2025.03.01"]
[Round "3.13"]
[White "Kukelko, Alexey"]
[Black "Zhao, Yuanhe"]
[Result "0-1"]
[Annotator "ChessBase"]
[ECO "B30"]
[WhiteElo "2327"]
[BlackElo "2466"]
[PlyCount "94"]
[EventDate "2025.02.21"]
[EventType "swiss"]
[EventCountry "CZE"]
[SourceTitle "playchess.com"]
[Source "ChessBase"]
[SourceQuality "1"]
[TimeControl "40/5400+30:1800+30"]

1. e4 c5 2. Nf3 Nc6 3. Bb5 e6 4. O-O Nge7 5. Re1 a6 6. Bf1 Ng6 7. c3 Be7 8. d4 cxd4 9. cxd4 d5 10. e5 O-O 11. Nc3 Nh4 12. Nxh4 Bxh4 13. Be3 Bd7 14. Rc1 Na5 15. b4 Nc4 16. Bxc4 dxc4 17. d5 exd5 18. Nxd5 Be6 19. Nf4 Qxd1 20. Rexd1 b5 21. Nxe6 fxe6 22. Bc5 Bg5 23. Rc2 Rad8 24. Bd6 Rf5 25. Rd4 Rd7 26. Kf1 Be3 27. Re4 Bb6 28. f3 Rdf7 29. Ke1 Rf4 30. Rce2 g5 31. Kd2 Kg7 32. h3 Kg6 33. Kc3 Rxe4 34. Rxe4 Rf4 35. Re2 Rd4 36. Kc2 Rd3 37. Rd2 Rxd2+ 38. Kxd2 Kf5 39. Kc3 Kf4 40. Be7 Be3 41. h4 gxh4 42. Bxh4 Kxe5 43. g3 Kf5 44. Be7 h5 45. Bc5 Bg5 46. Kd4 e5+ 47. Kc3 e4 0-1

[Event "Karel Janecek Open 2025"]
[Site "Prague"]
[Date "2025.03.01"]
[Round "3.14"]
[White "Kraus, Tomas"]
[Black "Klek, Hanna Marie"]
[Result "1-0"]
[Annotator "ChessBase"]
[ECO "B13"]
[WhiteElo "2451"]
[BlackElo "2289"]
[PlyCount "67"]
[EventDate "2025.02.21"]
[EventType "swiss"]
[EventCountry "CZE"]
[SourceTitle "playchess.com"]
[Source "ChessBase"]
[SourceQuality "1"]
[TimeControl "40/5400+30:1800+30"]

1. Nf3 d5 2. e3 c5 3. d4 Nc6 4. Bb5 cxd4 5. exd4 Nf6 6. c4 Bd7 7. Nc3 a6 8. Bxc6 bxc6 9. c5 g6 10. Na4 Bg4 11. Nb6 Bxf3 12. Qa4 Ra7 13. Qxc6+ Nd7 14. gxf3 Bg7 15. Bf4 O-O 16. Nxd7 Rxd7 17. O-O-O a5 18. Rhe1 Ra7 19. Re3 e6 20. Bd6 Re8 21. Rb3 Ra8 22. Rb7 Qg5+ 23. f4 Qf5 24. Ra7 Rac8 25. Rc7 Ra8 26. Ra7 Rac8 27. Qb5 e5 28. Bxe5 Rxe5 29. dxe5 Bh6 30. Qd3 Qxf4+ 31. Kb1 Rxc5 32. a3 Qxe5 33. Ra8+ Kg7 34. Rd8 1-0

[Event "Karel Janecek Open 2025"]
[Site "Prague"]
[Date "2025.03.01"]
[Round "3.15"]
[White "Knudsen, Simon"]
[Black "Rubes, Jan"]
[Result "1/2-1/2"]
[Annotator "ChessBase"]
[ECO "C02"]
[WhiteElo "2312"]
[BlackElo "2444"]
[PlyCount "80"]
[EventDate "2025.02.21"]
[EventType "swiss"]
[EventCountry "CZE"]
[SourceTitle "playchess.com"]
[Source "ChessBase"]
[SourceQuality "1"]
[TimeControl "40/5400+30:1800+30"]

1. e4 e6 2. d4 d5 3. e5 c5 4. c3 Nc6 5. Nf3 Bd7 6. Be2 Nge7 7. O-O Ng6 8. Na3 Be7 9. Re1 O-O 10. Nc2 cxd4 11. cxd4 f6 12. exf6 Bxf6 13. Bd3 Qb6 14. Be3 Nce7 15. b3 Qd6 16. Bc1 Rae8 17. Bxg6 hxg6 18. Ne5 Bxe5 19. Rxe5 Rf5 20. Ba3 Qa6 21. Bxe7 Rxe7 22. Re1 Qd6 23. Ne3 Rf8 24. Ng4 Qf4 25. f3 Rc8 26. Qd3 Be8 27. Rad1 Qf5 28. Qd2 Rec7 29. Qb4 Bf7 30. Re2 b6 31. Rde1 Qf4 32. Qd2 g5 33. Qe3 Rc2 34. Kf2 R8c3 35. Qxf4 gxf4 36. Ne5 Be8 37. Rxc2 Rxc2+ 38. Re2 Rc3 39. Rd2 g5 40. g3 fxg3+ 1/2-1/2

[Event "Karel Janecek Open 2025"]
[Site "Prague"]
[Date "2025.03.01"]
[Round "3.16"]
[White "Druska, Juraj"]
[Black "Walek, Petr"]
[Result "1-0"]
[Annotator "ChessBase"]
[ECO "B75"]
[WhiteElo "2442"]
[BlackElo "2279"]
[PlyCount "57"]
[EventDate "2025.02.21"]
[EventType "swiss"]
[EventCountry "CZE"]
[SourceTitle "playchess.com"]
[Source "ChessBase"]
[SourceQuality "1"]
[TimeControl "40/5400+30:1800+30"]

1. e4 c5 2. Nf3 d6 3. d4 cxd4 4. Nxd4 Nf6 5. Nc3 g6 6. Be3 Nc6 7. f3 h5 8. Bc4 Bd7 9. Qd2 Bg7 10. O-O-O Na5 11. Bd3 Rc8 12. Kb1 Nc4 13. Bxc4 Rxc4 14. Nde2 b5 15. Bd4 O-O 16. e5 Ne8 17. exd6 Nxd6 18. Bxg7 Kxg7 19. Nd5 Kg8 20. Rhe1 Be6 21. Nef4 Bxd5 22. Nxd5 e6 23. Nc3 Rc6 24. Ne4 Nb7 25. Qh6 Nd6 26. Ng5 Re8 27. Qh7+ Kf8 28. Rxd6 Qxg5 29. Rxc6 1-0

[Event "Karel Janecek Open 2025"]
[Site "Prague"]
[Date "2025.03.02"]
[Round "4.1"]
[White "Druska, Juraj"]
[Black "Pechac, Jergus"]
[Result "1/2-1/2"]
[Annotator "ChessBase"]
[ECO "C47"]
[WhiteElo "2442"]
[BlackElo "2603"]
[PlyCount "31"]
[EventDate "2025.02.21"]
[EventType "swiss"]
[EventCountry "CZE"]
[SourceTitle "playchess.com"]
[Source "ChessBase"]
[SourceQuality "1"]
[TimeControl "40/5400+30:1800+30"]

1. e4 e5 2. Nc3 Nf6 3. Nf3 Nc6 4. d4 exd4 5. Nxd4 Bb4 6. Nxc6 bxc6 7. Bd3 d5 8. Bd2 O-O 9. O-O Bxc3 10. Bxc3 dxe4 11. Bxf6 Qxf6 12. Bxe4 Qxb2 13. Bxc6 Rb8 14. Rb1 Qxb1 15. Qxb1 Rxb1 16. Rxb1 1/2-1/2

[Event "Karel Janecek Open 2025"]
[Site "Prague"]
[Date "2025.03.02"]
[Round "4.2"]
[White "Raja Rithvik R"]
[Black "Neuman, Petr"]
[Result "1/2-1/2"]
[Annotator "ChessBase"]
[ECO "D94"]
[WhiteElo "2522"]
[BlackElo "2436"]
[PlyCount "56"]
[EventDate "2025.02.21"]
[EventType "swiss"]
[EventCountry "CZE"]
[SourceTitle "playchess.com"]
[Source "ChessBase"]
[SourceQuality "1"]
[TimeControl "40/5400+30:1800+30"]

1. d4 d5 2. c4 c6 3. Nf3 Nf6 4. e3 g6 5. Nc3 Bg7 6. Be2 O-O 7. O-O dxc4 8. Bxc4 Bg4 9. h3 Bxf3 10. Qxf3 Nbd7 11. Rd1 e5 12. d5 e4 13. Qf4 cxd5 14. Nxd5 Nb6 15. Nc3 Qe7 16. Bb3 Rac8 17. Qd6 Qxd6 18. Rxd6 Rfd8 19. Rxd8+ Rxd8 20. Kf1 Nbd7 21. Bd2 Nc5 22. Be1 Nxb3 23. axb3 a6 24. Ra4 Nd7 25. Rc4 f5 26. Rc7 b6 27. Rc6 Rb8 28. Ke2 Nc5 1/2-1/2

[Event "Karel Janecek Open 2025"]
[Site "Prague"]
[Date "2025.03.02"]
[Round "4.3"]
[White "Prokofiev, Valentyn"]
[Black "Beerdsen, Thomas"]
[Result "0-1"]
[Annotator "ChessBase"]
[ECO "B13"]
[WhiteElo "2420"]
[BlackElo "2511"]
[PlyCount "168"]
[EventDate "2025.02.21"]
[EventType "swiss"]
[EventCountry "CZE"]
[SourceTitle "playchess.com"]
[Source "ChessBase"]
[SourceQuality "1"]
[TimeControl "40/5400+30:1800+30"]

1. d4 d5 2. Bf4 c5 3. e3 Nc6 4. c3 cxd4 5. exd4 Nf6 6. Nd2 Bf5 7. Be2 e6 8. Ngf3 Bd6 9. Bxd6 Qxd6 10. O-O h6 11. Re1 O-O 12. a4 Rfc8 13. a5 Rab8 14. Bb5 Nd7 15. Qa4 Rc7 16. Qa3 Qxa3 17. Rxa3 g5 18. h3 Kf8 19. Kh2 Ke7 20. g4 Bh7 21. Ng1 Kd6 22. f4 gxf4 23. Ne2 f6 24. c4 e5 25. c5+ Ke7 26. Nxf4 Bg8 27. dxe5 fxe5 28. Rd3 a6 29. Rxd5 axb5 30. Rd6 Nxc5 31. Rxh6 Kd7 32. Nh5 Rd8 33. Nf3 e4 34. Nh4 Kc8 35. Nf5 Ne5 36. Kg3 Ned3 37. Re2 Be6 38. Nhg7 Bxf5 39. Nxf5 Rf8 40. Nd6+ Kb8 41. Nxe4 Nc1 42. Re1 Re8 43. Nd6 Rxe1 44. Rh8+ Ka7 45. Nxb5+ Ka6 46. Nxc7+ Kxa5 47. h4 N1d3 48. g5 Rg1+ 49. Kf3 Kb6 50. Nd5+ Kc6 51. Ne3 Ne5+ 52. Kf2 Rb1 53. Rc8+ Kd7 54. Rf8 Ne4+ 55. Kg2 Rxb2+ 56. Kg1 Ng6 57. Rf7+ Ke6 58. Rf1 Nxh4 59. g6 Nxg6 60. Nc4 Rb4 61. Ne3 Rb3 62. Nf5 Ke5 63. Nh6 Nh4 64. Nf7+ Kd4 65. Rd1+ Ke3 66. Rd8 Nf3+ 67. Kg2 Rb2+ 68. Kh3 Nfg5+ 69. Nxg5 Nxg5+ 70. Kg4 Ne4 71. Re8 Kd4 72. Rd8+ Kc5 73. Kf4 Nd6 74. Ke3 b5 75. Kd3 Rb3+ 76. Kc2 Rh3 77. Rg8 Nc4 78. Rg7 Rh2+ 79. Kc1 b4 80. Rg5+ Kb6 81. Rg6+ Kb5 82. Rg5+ Ka4 83. Rg1 b3 84. Kb1 Na3+ 0-1

[Event "Karel Janecek Open 2025"]
[Site "Prague"]
[Date "2025.03.02"]
[Round "4.4"]
[White "Vantika Agrawal"]
[Black "Ioannidis, Evgenios"]
[Result "0-1"]
[Annotator "ChessBase"]
[ECO "E16"]
[WhiteElo "2411"]
[BlackElo "2484"]
[PlyCount "92"]
[EventDate "2025.02.21"]
[EventType "swiss"]
[EventCountry "CZE"]
[SourceTitle "playchess.com"]
[Source "ChessBase"]
[SourceQuality "1"]
[TimeControl "40/5400+30:1800+30"]

1. d4 e6 2. c4 b6 3. g3 Bb7 4. Nf3 Bb4+ 5. Bd2 c5 6. Bg2 Nf6 7. Bxb4 cxb4 8. O-O a5 9. Qd3 O-O 10. Nbd2 d6 11. e4 e5 12. Rfe1 Nbd7 13. Nf1 Re8 14. N3d2 Nf8 15. d5 N6d7 16. Ne3 Nc5 17. Qc2 Bc8 18. a3 Bd7 19. Bf1 b3 20. Qc3 a4 21. Bg2 h5 22. h4 Nh7 23. Kh2 g6 24. Rf1 f5 25. f4 Qf6 26. Rac1 Re7 27. exf5 gxf5 28. Bh3 Rae8 29. fxe5 Qxe5 30. Rf3 Qxc3 31. Rxc3 Nf6 32. Kg2 Ng4 33. Ndf1 Ne5 34. Rxf5 Ne4 35. Rc1 Nd3 36. Rb1 Bxf5 37. Nxf5 Re5 38. N1e3 Nxg3 39. Nxd6 Rf8 40. Be6+ Kg7 41. Kxg3 Rxe3+ 42. Kh2 Re2+ 43. Kg3 Rff2 44. Nf5+ Kf6 45. Rd1 Rg2+ 46. Kf3 Ne5+ 0-1

[Event "Karel Janecek Open 2025"]
[Site "Prague"]
[Date "2025.03.02"]
[Round "4.5"]
[White "Kolb, Tobias"]
[Black "Vykouk, Jan"]
[Result "0-1"]
[Annotator "ChessBase"]
[ECO "E51"]
[WhiteElo "2410"]
[BlackElo "2478"]
[PlyCount "110"]
[EventDate "2025.02.21"]
[EventType "swiss"]
[EventCountry "CZE"]
[SourceTitle "playchess.com"]
[Source "ChessBase"]
[SourceQuality "1"]
[TimeControl "40/5400+30:1800+30"]

1. d4 Nf6 2. c4 e6 3. Nc3 Bb4 4. e3 O-O 5. Bd2 d5 6. Nf3 b6 7. Rc1 Re8 8. cxd5 exd5 9. Bd3 Bf8 10. Ne5 Bb7 11. O-O c5 12. Be1 Nc6 13. Nxc6 Bxc6 14. b3 Qd7 15. Ne2 Bd6 16. Ng3 cxd4 17. exd4 Bb5 18. Bxb5 Qxb5 19. Nf5 Bxh2+ 20. Kxh2 Qxf1 21. Qd2 Qe2 22. Qg5 Qh5+ 23. Qxh5 Nxh5 24. Bd2 h6 25. Rc7 Nf6 26. Bf4 Red8 27. f3 Rd7 28. Ne7+ Kh7 29. Rxd7 Nxd7 30. Nxd5 Re8 31. Nc3 g5 32. Bd2 Kg6 33. Kg3 f5 34. Kf2 Nf6 35. Nb5 Nd5 36. a4 a6 37. Nd6 Re7 38. Nc4 f4 39. Ne5+ Kf5 40. Ke2 h5 41. Kd3 b5 42. Nc6 Re6 43. Nd8 Rf6 44. Nb7 g4 45. fxg4+ hxg4 46. Nc5 g3 47. axb5 axb5 48. Ke2 Kg4 49. Nd7 Ra6 50. Kd3 Kf5 51. Ne5 Ra3 52. Kc2 Ke4 53. Nf3 Ra2+ 54. Kb1 Rxd2 55. Nxd2+ Kxd4 0-1

[Event "Karel Janecek Open 2025"]
[Site "Prague"]
[Date "2025.03.02"]
[Round "4.6"]
[White "Stork, Oliver"]
[Black "Haring, Filip"]
[Result "1/2-1/2"]
[Annotator "ChessBase"]
[ECO "E60"]
[WhiteElo "2395"]
[BlackElo "2470"]
[PlyCount "85"]
[EventDate "2025.02.21"]
[EventType "swiss"]
[EventCountry "CZE"]
[SourceTitle "playchess.com"]
[Source "ChessBase"]
[SourceQuality "1"]
[TimeControl "40/5400+30:1800+30"]

1. d4 Nf6 2. Nf3 g6 3. c4 Bg7 4. g3 d6 5. Bg2 Bf5 6. O-O O-O 7. Ne1 Qc8 8. Nc3 Nc6 9. e4 Bg4 10. f3 Bd7 11. Be3 b6 12. Rc1 e5 13. d5 Nd4 14. Bxd4 exd4 15. Qxd4 Qa6 16. Qd3 h5 17. h4 Rae8 18. Kh2 Qc8 19. Qd2 Kh7 20. Nd3 Bh6 21. f4 Qd8 22. Kh1 Ng4 23. Nf2 a6 24. b4 f6 25. Nxg4 Bxg4 26. Qd3 Kh8 27. Bf3 Bh3 28. Bg2 Bd7 29. Ne2 Qe7 30. Nd4 g5 31. hxg5 fxg5 32. f5 Bg7 33. Ne6 Bxe6 34. fxe6 Be5 35. Rf5 Rxf5 36. exf5 Rf8 37. Be4 g4 38. Qe3 Kg7 39. Kg2 Qf6 40. c5 bxc5 41. bxc5 Rb8 42. cxd6 Bxd6 43. Bd3 1/2-1/2

[Event "Karel Janecek Open 2025"]
[Site "Prague"]
[Date "2025.03.02"]
[Round "4.7"]
[White "Zhao, Yuanhe"]
[Black "Eren, Ataberk"]
[Result "1/2-1/2"]
[Annotator "ChessBase"]
[ECO "A11"]
[WhiteElo "2466"]
[BlackElo "2402"]
[PlyCount "94"]
[EventDate "2025.02.21"]
[EventType "swiss"]
[EventCountry "CZE"]
[SourceTitle "playchess.com"]
[Source "ChessBase"]
[SourceQuality "1"]
[TimeControl "40/5400+30:1800+30"]

1. c4 Nf6 2. Nf3 c6 3. Nc3 d5 4. e3 e6 5. b3 Bd6 6. Bb2 O-O 7. h3 e5 8. cxd5 cxd5 9. Nb5 Nc6 10. Nxd6 Qxd6 11. Bb5 Nd7 12. Rc1 Qg6 13. O-O e4 14. Nh4 Qe6 15. Bxc6 bxc6 16. Qg4 Nf6 17. Qf4 Nh5 18. Qg5 g6 19. g4 f6 20. Qh6 Ng7 21. f4 Qd7 22. f5 g5 23. Bxf6 gxh4 24. Rxc6 Rf7 25. Be5 Qe8 26. Bd4 Bb7 27. Rg6 Qd7 28. Rg5 Qc7 29. Rf4 Rc8 30. Bxg7 Rxg7 31. f6 Rxg5 32. Qxg5+ Kh8 33. Qh6 Qf7 34. Rf5 Rg8 35. Qxh4 Bc8 36. Re5 Be6 37. Qf2 Rf8 38. g5 Re8 39. Qf4 a6 40. h4 Bd7 41. Rxd5 Qxd5 42. f7 Kg7 43. Qf6+ Kf8 44. fxe8=Q+ Kxe8 45. Qh8+ Ke7 46. Qf6+ Ke8 47. Qh8+ Ke7 1/2-1/2

[Event "Karel Janecek Open 2025"]
[Site "Prague"]
[Date "2025.03.02"]
[Round "4.8"]
[White "Sofronie, Iulian"]
[Black "Kraus, Tomas"]
[Result "1/2-1/2"]
[Annotator "ChessBase"]
[ECO "D00"]
[WhiteElo "2380"]
[BlackElo "2451"]
[PlyCount "53"]
[EventDate "2025.02.21"]
[EventType "swiss"]
[EventCountry "CZE"]
[SourceTitle "playchess.com"]
[Source "ChessBase"]
[SourceQuality "1"]
[TimeControl "40/5400+30:1800+30"]

1. d4 d5 2. Bf4 e6 3. e3 Nf6 4. Nd2 Bd6 5. Bg3 c5 6. c3 Qc7 7. dxc5 Qxc5 8. Ngf3 O-O 9. Bd3 Nbd7 10. Qe2 Re8 11. e4 dxe4 12. Bxe4 Rb8 13. Rd1 Bxg3 14. hxg3 b5 15. g4 h6 16. g5 hxg5 17. Nb3 Qc4 18. Nxg5 Qxe2+ 19. Kxe2 Ne5 20. f4 Nxe4 21. Nxe4 Nc4 22. Rh4 Bb7 23. Nbc5 Bc6 24. b3 Nb6 25. Nd6 Red8 26. Na6 Ra8 27. Nc7 1/2-1/2

[Event "Karel Janecek Open 2025"]
[Site "Prague"]
[Date "2025.03.02"]
[Round "4.9"]
[White "Nyzhnyk, Illya"]
[Black "Svanda, Ondrej"]
[Result "1-0"]
[Annotator "ChessBase"]
[ECO "D46"]
[WhiteElo "2569"]
[BlackElo "2383"]
[PlyCount "101"]
[EventDate "2025.02.21"]
[EventType "swiss"]
[EventCountry "CZE"]
[SourceTitle "playchess.com"]
[Source "ChessBase"]
[SourceQuality "1"]
[TimeControl "40/5400+30:1800+30"]

1. Nf3 d5 2. e3 Nf6 3. c4 c6 4. Nc3 e6 5. b3 Bd6 6. Bb2 O-O 7. d4 Nbd7 8. Bd3 e5 9. cxd5 cxd5 10. dxe5 Nxe5 11. Be2 Nxf3+ 12. Bxf3 Be5 13. O-O Bf5 14. Qe2 Qa5 15. Rac1 Rfe8 16. Na4 Bxb2 17. Qxb2 Bg4 18. Bxg4 Nxg4 19. Rc5 Qd8 20. Qd4 Nf6 21. Nc3 b6 22. Rb5 Qd7 23. a4 Red8 24. Rd1 Rac8 25. h3 Kf8 26. Nxd5 Nxd5 27. Rxd5 Qxd5 28. Qxd5 Rxd5 29. Rxd5 Rc1+ 30. Kh2 Ke7 31. Rd3 Rc5 32. Kg3 a5 33. Kf3 Ke6 34. g4 h5 35. Ke4 Rc2 36. f4 h4 37. f5+ Ke7 38. Kd5 Rh2 39. e4 Rg2 40. e5 g6 41. f6+ Ke8 42. Ke4 Rg1 43. Kf4 Rg2 44. Kg5 Re2 45. Rd5 Re3 46. Kh6 Rxh3 47. e6 fxe6 48. Kg7 Rf3 49. Rd6 h3 50. Rxe6+ Kd7 51. Re2 1-0

[Event "Karel Janecek Open 2025"]
[Site "Prague"]
[Date "2025.03.02"]
[Round "4.10"]
[White "Filgueiras, Nathan Felipe"]
[Black "Grigoryan, Karen H."]
[Result "1/2-1/2"]
[Annotator "ChessBase"]
[ECO "B76"]
[WhiteElo "2335"]
[BlackElo "2554"]
[PlyCount "143"]
[EventDate "2025.02.21"]
[EventType "swiss"]
[EventCountry "CZE"]
[SourceTitle "playchess.com"]
[Source "ChessBase"]
[SourceQuality "1"]
[TimeControl "40/5400+30:1800+30"]

1. e4 c5 2. Nc3 g6 3. Nf3 Bg7 4. d4 cxd4 5. Nxd4 Nc6 6. Be3 Nf6 7. Nb3 d6 8. f3 Be6 9. Qd2 O-O 10. O-O-O a5 11. a4 Nb4 12. Kb1 Bxb3 13. cxb3 Rc8 14. h4 h5 15. Bc4 Rc6 16. e5 Nd7 17. f4 Qc8 18. Nd5 Nxd5 19. Bxd5 Nb8 20. Bxc6 Nxc6 21. exd6 exd6 22. Qxd6 Nb4 23. Rc1 Qf5+ 24. Ka1 Re8 25. Bd2 Re2 26. Bc3 Bxc3 27. Rxc3 Kh7 28. Rhc1 Rxg2 29. Rc7 Rg4 30. Qe5 Qxf4 31. Qxf4 Rxf4 32. Rxb7 Kg7 33. Ra7 Rxh4 34. Rf1 Kh6 35. Raxf7 Rg4 36. Kb1 h4 37. Kc1 Rg2 38. Rh1 g5 39. Ra7 Nd3+ 40. Kb1 Nf2 41. Rc1 h3 42. Ra6+ Kh5 43. Rxa5 h2 44. Ra8 Nd3 45. Rh8+ Kg4 46. Rc3 Rg1+ 47. Ka2 Nb4+ 48. Ka3 Nd5 49. Rc4+ Kf5 50. b4 h1=Q 51. Rxh1 Rxh1 52. Rc5 Ke4 53. Rc4+ Kf3 54. Rd4 Ne3 55. Rd8 g4 56. Rf8+ Ke2 57. Rg8 Kf3 58. Rf8+ Ke4 59. Rg8 Kf4 60. Rf8+ Ke5 61. Rg8 Kd5 62. b5 Kc5 63. Rc8+ Kb6 64. Rc6+ Kb7 65. Rg6 Rh5 66. Kb4 Re5 67. Rg7+ Kb8 68. b3 Nd5+ 69. Ka5 Re3 70. Rg8+ Kb7 71. Rg7+ Kb8 72. Rg8+ 1/2-1/2